 Dungeon Crawl Stone Soup version 0.29.0-4-gdea44cf6ec (webtiles) character file.

Game seed: 15929223589621206578

70 qw the Chopper (level 4, 0/26 HPs)
             Began as a Tengu Warper on Aug 28, 2022.
             Succumbed to their own poison gas
             ... on level 2 of the Dungeon.
             The game lasted 00:00:49 (2103 turns).

qw the Chopper (Tengu Warper)                       Turns: 2103, Time: 00:00:50

Health: 0/26       AC:  6    Str: 13    XL:     4   Next: 21%
Magic:  8/8        EV:  9    Int: 13    God:
Gold:   72         SH:  0    Dex: 14    Spells: 7/7 levels left

rFire   . . .      SeeInvis .   Y - +0 hand axe
rCold   . . .      Faith    .   (no shield)
rNeg    . . .      Spirit   .   l - +0 scale mail
rPois   .          Reflect  .   (helmet restricted)
rElec   .          Harm     .   (no cloak)
rCorr   .          Rampage  .   (no gloves)
Will    .....                   (boots unavailable)
Stlth   ..........              (no amulet)
HPRegen 0.08/turn               (no ring)
MPRegen 0.11/turn               (no ring)

@: brilliant, lethally poisoned (0 -> -1)
A: beak, talons 3
a: no special abilities


You were on level 2 of the Dungeon.
You visited 1 branch of the dungeon, and saw 2 of its levels.

You collected 72 gold pieces.


Innate Abilities, Weirdness & Mutations

You have a beak for a mouth.
You have claws for feet.


   Skills:
 - Level 2.0 Fighting
 + Level 4.8 Axes
 - Level 1.0 Throwing
 - Level 1.1 Armour
 - Level 2.1 Dodging
 - Level 2.0 Spellcasting
 - Level 2.4 Translocations


You had 7 spell levels left.
You didn't know any spells.
Your spell library contained the following spells:

 Spells                   Type           Power      Damage    Failure   Level
 Blink                    Tloc           22%        N/A       56%         2
 Gell's Gravitas          Tloc           11%        N/A       80%         3
 Lesser Beckoning         Tloc           11%        N/A       80%         3
 Teleport Other           Tloc           11%        N/A       80%         3
 Manifold Assault         Tloc           11%        N/A       100%        5

Inventory:

Hand Weapons
 d - the +6 hammer "Kouxil Wiull" {drain, rPois rN+ Dex+4}
   (You found it on level 2 of the Dungeon)

   A truly terrible weapon, it drains the life of any living foe it strikes.
   Dex:       It affects your dexterity (+4).
   rPois:     It protects you from poison.
   rN:        It protects you from negative energy.
 Y - a +0 hand axe (weapon)
Armour
 l - a +0 scale mail (worn)
Scrolls
 a - a scroll of identify
Potions
 e - a potion of ambrosia {unknown}
 j - a potion of curing {unknown}

Dungeon Overview and Level Annotations

Branches:
Dungeon (2/15)

Altars:

Annotations:
D:2 1 runed translucent door, Crazy Yiuf


Message History

2090 ||| READING scroll labelled SODOIHE ZYLI.
The air fills with toxic fumes!
As you read the scroll labelled SODOIHE ZYLI, it crumbles to dust.
It was a scroll of poison.
Done exploring.
2091 ||| DRINKING 2 dark potions.
It was a potion of brilliance.
You feel clever all of a sudden.
Done exploring.
2092 ||| DROPPING potion of brilliance.
You drop a potion of brilliance.
Done exploring.
(D) Dungeon
Where to? (* - list waypoints, Enter - D:2, ? - help)
What level of the Dungeon? (default 1, ? - help) Sorry, I don't know how to get there.
Done exploring.
2093 ||| Stepping randomly (stuck).
Really walk into that cloud of poison gas?
You are engulfed in poison gas.
You are poisoned.
You feel very sick.
2094 ||| Stepping ~*~*~tactically~*~*~ (cloud).
You feel very sick.
Items here: ! = [[.
There is a lethal amount of poison in your body!
You feel sick.
There is a lethal amount of poison in your body!
You feel sick.
There is a lethal amount of poison in your body!
You feel sick.
There is a lethal amount of poison in your body!
You feel sick.
There is a lethal amount of poison in your body!
You feel sick.
There is a lethal amount of poison in your body!
You feel sick.
There is a lethal amount of poison in your body!
You feel sick.
There is a lethal amount of poison in your body!
You feel sick.
There is a lethal amount of poison in your body!
You die...

#'####...........%...))))........
.......##........#.)..)).........
.......##.0.0¤¤¤¤.#)0........##..
..........¤¤0...00#..0.......##..
.........000¤¤¤.00#0¤........##..
.####.......00¤..0¤.¤00##........
.......#...#..¤0.00000..#........
.###.....0.#.000.0..¤.0.#........
..........0¤0.0¤@..0000....>.....
..........#.00.00.¤¤.0##.........
.......####..000..#0.0###........
...[...###0..000.0#...###........
..........¤¤0¤.00¤0..............
....%..##0¤0.0............###....
####...#.00¤.00¤0¤0¤......###....
....##....¤00¤.0¤.¤.¤.....##.....
#.....##..................>+.....


There were no monsters in sight!

Vanquished Creatures
  Robin (D:2)
  An adder (D:2)
  5 ball pythons
  4 bats (D:1)
  An endoplasm (D:2)
  2 giant cockroaches (D:1)
  13 goblins
  3 hobgoblins
  4 jackals (D:2)
  2 kobolds (D:1)
  3 quokkas
  2 frilled lizards (D:1)
  2 rats (D:1)
43 creatures vanquished.

Notes
Turn   | Place    | Note
-------+----------+-------------------------------------------
     0 | D:1      | qw the Tengu Warper began the quest for the Orb.
     0 | D:1      | Reached XP level 1. HP: 12/12 MP: 4/4
     0 | D:1      | 0 ||| qw: Version: 0.1-a-89-g26bdef1
     0 | D:1      | 0 ||| qw: Game counter: 2203
     0 | D:1      | 0 ||| qw: Always use a shield: true
     0 | D:1      | 0 ||| qw: God list: Okawaru
     0 | D:1      | 0 ||| qw: Allow faded altars: false
     0 | D:1      | 0 ||| qw: Do Orc after D:15 true
     0 | D:1      | 0 ||| qw: Do second Lair branch before Depths: true
     0 | D:1      | 0 ||| qw: Lair rune preference: random
     0 | D:1      | 0 ||| qw: Plans: Normal
     0 | D:1      | 0 ||| PLANNING D:1-11
    12 | D:1      | 12 ||| Stepping ~*~*~tactically~*~*~ (stealth).
    90 | D:1      | Reached skill level 3 in Axes
    90 | D:1      | Reached XP level 2. HP: 17/17 MP: 6/6
   114 | D:1      | 114 ||| Stepping ~*~*~tactically~*~*~ (stealth).
   242 | D:1      | Found a faded altar of an unknown god.
   908 | D:1      | 908 ||| DROPPING scroll of blinking.
   978 | D:2      | Reached XP level 3. HP: 21/21 MP: 7/7
   990 | D:2      | 990 ||| Stepping ~*~*~tactically~*~*~ (stealth).
   992 | D:2      | 992 ||| Stepping ~*~*~tactically~*~*~ (hiding).
  1004 | D:2      | Reached skill level 4 in Axes
  1007 | D:2      | Noticed Robin
  1008 | D:2      | 1008 ||| FLEEEEING.
  1009 | D:2      | 1009 ||| Stepping ~*~*~tactically~*~*~ (hiding).
  1022 | D:2      | Killed Robin
  1025 | D:2      | HP: 5/21 [goblin/+0 club[Robin] (3)]
  1290 | D:2      | Found a runed translucent door.
  1293 | D:2      | 1293 ||| DROPPING +0 mace.
  1296 | D:2      | 1296 ||| DROPPING +1 hammer of holy wrath.
  1297 | D:2      | Identified the +6 hammer "Kouxil Wiull" {drain, rPois rN+
                  | Dex+4}
  1297 | D:2      | Noticed Crazy Yiuf
  1299 | D:2      | 1299 ||| DROPPING +0 hammer of venom.
  1303 | D:2      | 1303 ||| DROPPING +2 hammer of holy wrath.
  1304 | D:2      | Identified the +6 hammer "Orb Guardian's Doom" {drain,
                  | Stlth+}
  1306 | D:2      | 1306 ||| DROPPING +6 hammer "Orb Guardian's Doom" {drain,
                  | Stlth+}.
  1463 | D:2      | Reached XP level 4. HP: 17/26 MP: 8/8
  1965 | D:2      | 1965 ||| UPGRADING to +0 ring mail.
  1975 | D:2      | 1975 ||| DROPPING +0 leather armour.
  1976 | D:2      | 1976 ||| UPGRADING to +0 scale mail.
  1986 | D:2      | 1986 ||| DROPPING +0 ring mail.
  1987 | D:2      | 1987 ||| DROPPING +6 ring of intelligence.
  1988 | D:2      | 1988 ||| READING 2 scrolls labelled PYTOBB TONA.
  1989 | D:2      | 1989 ||| READING scroll labelled IBAYLASE UPORI.
  2090 | D:2      | 2090 ||| READING scroll labelled SODOIHE ZYLI.
  2091 | D:2      | 2091 ||| DRINKING 2 dark potions.
  2092 | D:2      | 2092 ||| DROPPING potion of brilliance.
  2093 | D:2      | 2093 ||| Stepping randomly (stuck).
  2094 | D:2      | 2094 ||| Stepping ~*~*~tactically~*~*~ (cloud).
  2097 | D:2      | HP: 6/26 [poisoned by you (poison gas)]
  2101 | D:2      | HP: 2/26 [poisoned by you (poison gas)]
  2103 | D:2      | Succumbed to their own poison gas

Levels and vault maps discovered:
D:1:      doesnt_arrival_eight_statues, layout_basic,
          shapermc_ecumenical_altar_notcrosses
D:2:      layout_basic, minmay_misc_feat_doors, uniq_crazy_yiuf_cottage,
          uniq_robin

Skill      XL: |  1  2  3 |
---------------+----------+-----
Axes           | 3 4 |  4.8
Fighting       | |  2.0
Throwing       | |  1.0
Armour         | |  1.1
Dodging        | |  2.1
Spellcasting   | |  2.0
Translocations | |  2.4

Action                   |  1- 3 |  4- 6 || total
-------------------------+-------+-------++-------
Melee: Hand axe          |    81 |     6 ||    87
       Kick              |    17 |     3 ||    20
       Punch             |     4 |       ||     4
       Peck              |     7 |     1 ||     8
Throw: Boomerang         |     7 |       ||     7
  Use: Scroll            |       |     3 ||     3
       Potion            |       |     1 ||     1
Armor: Leather armour    |    30 |     1 ||    31
Dodge: Dodged            |    61 |     3 ||    64

Table legend:
 A = Non-vault XP
 B = Vault XP
 C = Vault XP percentage of total XP
 D = Non-vault monster count
 E = Vault monster count
 F = Vault count percentage of total count
                 A         B        C        D         E       F
            +---------+---------+-------+---------+---------+-------
      Total |      63 |      37 |  37.0 |      30 |      13 |  30.2
            +---------+---------+-------+---------+---------+-------
        D:1 |      31 |       0 |   0.0 |      19 |       0 |   0.0
        D:2 |      32 |      37 |  53.6 |      11 |      13 |  54.2
            +---------+---------+-------+---------+---------+-------
